 Dungeon Crawl Stone Soup version 0.23.1-37-gaa34b87 (webtiles) character file.

Game seed: 15603126541171640746

8794 ABBCCCDDDD the Protected (level 11, -8/102 HPs)
             Began as a Minotaur Fighter on Mar 23, 2019.
             Was a Plaything of Xom.
             Mangled by a two-headed ogre
             ... wielding a +0 giant spiked club
              (24 damage)
             ... on level 8 of the Dungeon.
             The game lasted 00:12:42 (7201 turns).

ABBCCCDDDD the Protected (Minotaur Fighter)         Turns: 7201, Time: 00:12:43

Health: -8/102     AC: 18    Str: 28    XL:     11   Next: 14%
Magic:  14/14      EV:  6    Int:  5    God:    Xom [......]
Gold:   624        SH: 11    Dex: 10    Spells: 10/10 levels left

rFire    + . .     SeeInvis .   r - +2 war axe
rCold    . . .     Gourm    +   c - +0 shield
rNeg     . . .     Faith    .   x - +0 plate armour
rPois    .         Spirit   .   (helmet restricted)
rElec    .         Reflect  .   b - +0 cloak
rCorr    .         Harm     .   o - +0 pair of gloves
MR       .....                  (no boots)
Stlth    ..........             z - amulet of the gourmand
HPRegen  0.27/turn              a - ring of protection from fire
MPRegen  0.14/turn              k - +6 ring of strength

@: no status effects
A: retaliatory headbutt, horns 2, weak 1
a: Renounce Religion


You were on level 8 of the Dungeon.
You worshipped Xom.
You were a very special plaything of Xom.
You were completely stuffed.

You visited 1 branch of the dungeon, and saw 9 of its levels.

You collected 624 gold pieces.

Inventory:

Hand Weapons
 r - a +2 war axe (weapon)
Armour
 b - a +0 cloak (worn)
 c - a +0 shield (worn)
 o - a +0 pair of gloves (worn)
 x - a +0 plate armour (worn)
Jewellery
 a - a ring of protection from fire (left hand)
 k - a +6 ring of strength (right hand)
 y - an uncursed ring of positive energy
 z - an amulet of the gourmand (around neck)
 C - an uncursed ring of flight
Wands
 h - a wand of digging (8)
 v - a wand of polymorph (10)
 B - a wand of clouds (4)
Scrolls
 j - 2 scrolls of teleportation
 l - a scroll of enchant armour
 p - 4 scrolls of fear
 q - 4 scrolls of remove curse
 u - 2 scrolls of identify
Potions
 d - 2 potions of might
 e - a potion of invisibility
 g - a potion of ambrosia
 i - a potion of resistance
 m - 7 potions of curing
 n - a potion of brilliance
 t - a potion of magic {unknown}
 w - 3 potions of mutation {unknown}
 A - a potion of flight {unknown}
Comestibles
 f - 13 rations
 D - a chunk of flesh


   Skills:
 + Level 11.2 Fighting
 + Level 10.9 Axes
 + Level 11.2 Armour
 - Level 7.8 Shields
 - Level 6.0 Evocations


You had 10 spell levels left.
You didn't know any spells.
Your spell library contained the following spells:

 Spells                   Type           Power        Failure   Level  Hunger
 Infusion                 Chrm           #...         100%        1    ##.....
 Sting                    Conj/Pois      #...         100%        1    ##.....
 Poisonous Vapours        Pois/Air       #.....       100%        2    ###....
 Shroud of Golubria       Chrm/Tloc      #.........   100%        2    ###....
 Song of Slaying          Chrm           #.......     100%        2    ###....
 Mephitic Cloud           Conj/Pois/Air  #.......     100%        3    ####...
 Regeneration             Chrm/Necr      #.........   100%        3    ####...
 Spectral Weapon          Hex/Chrm       #.......     100%        3    ####...
 Olgreb's Toxic Radiance  Pois           #.......     100%        4    #####..
 Venom Bolt               Conj/Pois      #.........   100%        5    ######.


Dungeon Overview and Level Annotations

Branches:
Dungeon (9/15)             Temple (0/1) D:6
   Lair: D:8-11         Orc: D:9-12

Altars:
Cheibriados
Dithmenos
Elyvilon
Gozag
Hepliaklqana
Makhleb
Okawaru
Sif Muna
Wu Jian
Xom

Annotations:
D:6 2 transporters, Sagrath01's ghost, novice DrTm


Innate Abilities, Weirdness & Mutations

You reflexively headbutt those who attack you in melee.
You have a pair of horns on your head.
You are weak. (Str -2)


Message History

A phantasmal warrior comes into view.
There is an open door here.
Okay, then.
Blink to where?
Press: ? - help, Dir - move target cursor You are very lightly contaminated with residual magic.
As you read the scroll of blinking, it crumbles to dust.
Things that are here:
a +0 short sword; 13 gold pieces
Things that are here:
a +0 dagger; a +0 robe Your magical contamination has completely faded away.
There is a stone staircase leading up here.
You start resting.
Eating one of 2 chunks of flesh.
You eat one of the 2 chunks of flesh.
This raw flesh tastes great.
The freezing wraith is too close now for your liking.
You climb upwards.
The two-headed ogre hits you with a +0 giant spiked club!!
You die...
Xom titters!

# #. #.. #..# #### .
###..#####...#..
#.....@......$.......##
#..?.O.................
#...##.................
##. #..................
# #..................
#...#........$.....
#####..............
...........<..
..............


You could see a two-headed ogre.

Vanquished Creatures
  A two-headed ogre (D:8)
  A wyvern (D:9)
  6 yaks (D:9)
  A black bear (D:8)
  A sky beast (D:6)
  2 orc warriors
  An ice beast (D:9)
  8 ogres
  A phantom (D:7)
  A necrophage (D:7)
  A centaur (D:6)
  2 big kobolds (D:7)
  4 bullfrogs
  4 scorpions
  5 killer bees (D:8)
  5 howler monkeys
  2 wights (D:9)
  3 centaur zombies
  2 lava snakes (D:9)
  A bullfrog zombie (D:6)
  6 hounds
  A jelly (D:7)
  3 orc priests
  9 orc wizards
  3 iguanas
  2 worker ants
  A hound zombie (D:5)
  5 gnolls
  8 adders
  3 shadow imps
  2 oozes
  2 adder zombies
  2 adder skeletons (D:4)
  4 worms
  5 dart slugs
  6 leopard geckos
  26 orcs
  A ball python (D:3)
  5 giant cockroaches
  4 goblins
  2 hobgoblins
  8 jackals
  13 kobolds
  4 quokkas
  5 bats
  6 frilled lizards
  A leopard gecko skeleton (D:4)
  A quokka zombie (D:5)
  7 rats
197 creatures vanquished.

Vanquished Creatures (collateral kills)
  A gnoll sergeant (D:7)
1 creature vanquished.

Grand Total: 198 creatures vanquished

Notes
Turn   | Place    | Note
-------+----------+-------------------------------------------
     0 | D:1      | ABBCCCDDDD the Minotaur Fighter began the quest for the
                  | Orb.
     0 | D:1      | Reached XP level 1. HP: 19/19 MP: 0/0
   166 | D:1      | Reached XP level 2. HP: 23/27 MP: 1/1
   952 | D:2      | Reached XP level 3. HP: 33/33 MP: 2/2
  1363 | D:3      | Reached XP level 4. HP: 41/41 MP: 3/3
  1554 | D:3      | Found a faded altar of an unknown god.
  1716 | D:3      | Found a burning altar of Makhleb.
  1779 | D:3      | Found an opulent altar of Gozag.
  1862 | D:3      | Reached XP level 5. HP: 47/47 MP: 4/4
  2015 | D:3      | Found a shadowy altar of Dithmenos.
  2112 | D:4      | Found a snail-covered altar of Cheibriados.
  2143 | D:4      | Noticed an ogre
  2151 | D:4      | Killed an ogre
  2151 | D:4      | Reached skill level 5 in Fighting
  2151 | D:4      | Reached skill level 5 in Armour
  2151 | D:4      | Reached skill level 5 in Shields
  2192 | D:4      | Noticed an ogre
  2213 | D:4      | Reached XP level 6. HP: 56/56 MP: 5/5
  2471 | D:4      | Found a hazy altar of Hepliaklqana.
  2771 | D:4      | Reached skill level 5 in Axes
  2771 | D:4      | Reached XP level 7. HP: 29/62 MP: 6/6
  2861 | D:5      | Entered Level 5 of the Dungeon
  2889 | D:5      | Found a deep blue altar of Sif Muna.
  3039 | D:5      | Found an iron altar of Okawaru.
  3534 | D:6      | Found a transporter.
  3626 | D:6      | Reached XP level 8. HP: 35/71 MP: 7/7
  3967 | D:6      | Found a transporter.
  3968 | D:6      | Noticed Sagrath01's ghost (novice DrTm)
  3994 | D:6      | Found an ornate altar of the Wu Jian Council.
  4336 | D:6      | Found a shimmering altar of Xom.
  4433 | D:6      | Became a worshipper of Xom of Chaos
  4559 | D:6      | Found a staircase to the Ecumenical Temple.
  4645 | D:6      | XOM: divination: magic mapping
  4712 | D:7      | XOM: polymorph bullfrog -> big kobold
  4870 | D:7      | XOM: harmless Summ miscast
  4923 | D:6      | XOM: harmless Chrm miscast
  5155 | D:7      | XOM: mild Conj miscast
  5416 | D:7      | XOM: noise
  5417 | D:7      | XOM: severe Fire miscast
  5422 | D:7      | Reached XP level 9. HP: 62/81 MP: 8/8
  5426 | D:7      | Reached skill level 1 in Evocations
  5637 | D:8      | Noticed a two-headed ogre
  5997 | D:7      | XOM: harmless Pois miscast
  6148 | D:8      | XOM: mild Fire miscast
  6151 | D:8      | Noticed a two-headed ogre
  6163 | D:8      | Killed a two-headed ogre
  6172 | D:8      | Reached skill level 10 in Fighting
  6172 | D:8      | Reached skill level 10 in Axes
  6172 | D:8      | Reached skill level 10 in Armour
  6172 | D:8      | Reached skill level 5 in Evocations
  6172 | D:8      | Reached XP level 10. HP: 40/94 MP: 10/13
  6191 | D:8      | XOM: 3-stop teleportation journey
  6191 | D:8      | Noticed a two-headed ogre
  6224 | D:9      | XOM: medium Tmut miscast
  6421 | D:9      | XOM: confusion
  6459 | D:9      | XOM: 1-stop teleportation journey
  6487 | D:9      | XOM: noise
  6625 | D:9      | Found a white marble altar of Elyvilon.
  6684 | D:9      | XOM: swap monsters
  6765 | D:9      | Reached XP level 11. HP: 102/102 MP: 14/14
  6775 | D:9      | XOM: swap monsters
  6890 | D:9      | XOM: give mutations
  6890 | D:9      | Gained mutation: You are weak. (Str -2) [Xom's mischief]
  6890 | D:9      | Gained mutation: You are covered in fur. (AC +1) [Xom's
                  | mischief]
  6890 | D:9      | Lost mutation: You are covered in fur. (AC +1) [Xom's
                  | mischief]
  7115 | D:9      | XOM: summons friendly quasit
  7124 | D:9      | Noticed a death knight
  7131 | D:9      | XOM: summons friendly crimson imp
  7147 | D:9      | HP: 1/102 [death knight/+0 battleaxe (16)]
  7151 | D:9      | Noticed a phantasmal warrior
  7201 | D:8      | Mangled by a two-headed ogre

Skill      XL: |  1  2  3  4  5  6  7  8  9 10 11 |
---------------+----------------------------------+-----
Fighting       | 4 5 6 8 10 11 | 11.2
Shields        | 4 5 6 7 |  7.8
Axes           | 3 4 5 6 7 10 | 10.9
Armour         | 4 5 6 7 10 11 | 11.2
Evocations     | 5 6 |  6.0

Action                   |  1- 3 |  4- 6 |  7- 9 | 10-12 || total
-------------------------+-------+-------+-------+-------++-------
Melee: War axe           |    75 |   122 |   264 |    78 ||   539
       Headbutt          |    12 |    22 |    64 |    16 ||   114
Throw: Throwing net      |       |       |     1 |       ||     1
Evoke: Wand              |       |       |     1 |       ||     1
  Use: Scroll            |       |       |    13 |     3 ||    16
       Potion            |       |       |     4 |       ||     4
  Eat: Chunk             |     1 |     5 |    13 |     8 ||    27
       Ration            |       |       |     1 |       ||     1
Armor: Scale mail        |    27 |       |       |       ||    27
       Chain mail        |     3 |    45 |       |       ||    48
       Plate armour      |       |     2 |   178 |    39 ||   219
Dodge: Dodged            |    22 |    18 |    53 |    16 ||   109
Block: Shield            |    37 |    73 |   155 |    51 ||   316
